[Event "13th London Chess Classic 2023"]
[Site "London"]
[Date "2023.12.07"]
[Round "6.3"]
[White "Vitiugov, Nikita"]
[Black "Royal, Shreyas"]
[Result "1/2-1/2"]
[ECO "B67"]
[WhiteElo "2712"]
[BlackElo "2404"]
[Annotator "TA"]
[PlyCount "166"]
[EventDate "2023.11.27"]
[EventType "tourn"]
[EventCountry "ENG"]
[SourceTitle "playchess.com"]
[Source "ChessBase"]
[SourceQuality "1"]
[TimeControl "40/5400+30:1800+30"]

1. e4 c5 2. Nf3 d6 3. d4 cxd4 4. Nxd4 Nf6 5. Nc3 Nc6 6. Bg5 e6 7. Qd2 a6 8. O-O-O Bd7 9. f3 Nxd4 10. Qxd4 Be7 11. h4 Qc7 {[%emt 0:00:25] B67: Sicilian: Richter-Rauzer: 7...a6 8 0-0-0 Bd7, lines without 9 f4 Be7.} 12. Kb1 b5 13. Bd3 b4 14. Ne2 (14. Qxb4 $14 d5 15. Qd4) 14... a5 $11 15. g4 (15. h5 $5 ) 15... O-O 16. Bc1 {[%emt 0:10:42] [#]} (16. h5 $5 ) 16... e5 $146 ({Predecessor:} 16... a4 17. Qxb4 Rab8 18. Qc3 Qb7 19. h5 Rfc8 20. Qd2 a3 21. b3 d5 22. e5 Ne8 {1-0 Ivic,V (2560)-Espinosa,P (2116) Titled Tuesday intern op 29th Nov Late blitz 2022 (2)}) 17. Qf2 Be6 (17... a4 $15) 18. Ng3 (18. g5 $142 Nd7 19. f4) 18... Rfc8 19. Nf5 Bf8 20. h5 Nd7 21. Ne3 {[%emt 0:10:09] Active counter play!} Nb6 {[%emt 0:02:34] [#]} (21... Nc5 $11) 22. Nd5 $1 Nxd5 23. exd5 Bxd5 {[%emt 0:00:55] [#]} 24. Bxh7+ $1 {[%emt 0:00:42][%mdl 64] Discovered Attack} Kxh7 25. Rxd5 a4 26. Qe2 {[%emt 0:04:32] Inhibits Ra6.} Kg8 27. Qd3 {[%emt 0:04:02] Prevents Ra6} b3 28. cxb3 $16 axb3 29. Qxb3 Rcb8 30. Rb5 Qa7 (30... Rxb5 $16 {might work better.} 31. Qxb5 Rc8) 31. Rxb8 $18 Rxb8 32. Qd3 Qf2 33. g5 Qg2 34. Re1 Qh2 35. a4 (35. h6 $1 $18) 35... Be7 (35... Qxh5 $16 36. a5 g6) 36. Qf5 (36. h6 $18 {is more deadly.}) 36... Qxh5 $16 37. a5 (37. f4 $5 ) 37... Qh4 ({Black should play} 37... Bd8 $14) 38. Re4 $18 Qf2 39. Rc4 {[%emt 0:00:56] Black must now prevent Rc2.} g6 40. Qh3 (40. Qd3 $18) 40... Bf8 $1 $11 41. Rc8 Rxc8 42. Qxc8 Qxf3 {[%emt 0:00:05][%mdl 4096] Endgame KQB-KQB} 43. a6 Qe4+ 44. Qc2 Qa8 45. Qa4 d5 46. Qb5 Qa7 {[%emt 0:06:25] Dodges Qb6} 47. Bd2 (47. Qb7 Qxb7 48. axb7 Bd6 $17) 47... d4 $1 48. Ba5 Qa8 $1 49. Bb6 {[%emt 0:02:01] a7 would be deadly.} (49. Qxe5 Qxa6 50. Qd5 Bg7 $17) 49... Qe4+ $1 50. Ka2 {[%emt 0:00:10] Threatens to win with a7.} d3 51. Ba5 {[%emt 0:00:03] Repels d2. Strongly threatening Bc3.} Qd4 (51... Qe3 $1 $11 {and Black stays safe.}) 52. Bc3 $18 Qe3 (52... Qc5 53. Qxd3 Qc6) 53. Qd5 $2 (53. Qxe5 Qxe5 54. Bxe5 d2 $11) (53. Qa5 {White threatens a7 and mate.} Qe4 54. a7 (54. Bxe5 $2 Qc4+ 55. Kb1 Qc2+ 56. Ka2 d2 $19)) 53... Qf4 $2 (53... Qc5 {is tougher.} 54. Qxd3 (54. Qxe5 Qxe5 55. Bxe5 d2 $11) 54... Qc6) 54. Kb3 {[%emt 0:00:43] aiming for a7.} (54. Qxe5 Qa4+ 55. Kb1 Qd1+ 56. Ka2 Qa4+ 57. Kb1 Qd1+ 58. Ka2 Qa4+ $11) 54... Qf1 55. Qxe5 Qd1+ 56. Kc4 $1 Qa4+ 57. Kd5 (57. Kxd3 Qxa6+ 58. Kc2 Qa4+ 59. b3 Qh4 $18) 57... Qd7+ 58. Ke4 f5+ 59. gxf6 $2 (59. Kf3 {And now Qh8+ would win.} d2 60. Qh8+ Kf7 61. Qh7+ Ke8 62. Qxd7+ (62. Qxg6+ Kd8 $14) 62... Kxd7 63. Bxd2) 59... d2 {[%emt 0:00:46] [#]} 60. Bxd2 $1 {[%emt 0:00:17][%mdl 576] Qd5+ would kill now. Promotion} Qa4+ 61. Qd4 Qxa6 62. Qd5+ Kh8 {[%emt 0:00:10] [#]} 63. Bc3 $1 Qe2+ 64. Kd4 Qd1+ 65. Kc4 Qa4+ $2 (65... Qe2+ 66. Kb3 Qf2) 66. b4 Qa2+ 67. Kd4 Qa7+ $2 (67... Qf2+ 68. Kd3 Qf1+ 69. Kc2 Qf5+ 70. Qxf5 gxf5) 68. Kd3 Kh7 69. b5 {[%emt 0:01:24][%cal Ob5b6] Hoping for b6!} Qa3 70. f7 (70. b6 $142 Qa6+ 71. Kc2 Qa4+ 72. Kb1) 70... Qc1 {[%emt 0:00:59] [#]} 71. Qe5 $2 (71. Kc4 $1 $18 {b6 is the strong threat.} Qb1 72. Qg2) 71... Qd1+ $11 {[%emt 0:00:45] The position is equal.} 72. Ke3 Qg1+ 73. Ke2 Qg2+ 74. Kd3 Qf3+ 75. Kc2 Qf2+ 76. Kc1 ({Don't play} 76. Kd3 Qf1+ 77. Qe2 Qf5+ 78. Kd2 (78. Qe4 Qxb5+ 79. Kc2 Qf5 $11) 78... Qxf7 $14) 76... Qf1+ (76... Ba3+ $2 77. Kd1 Qf3+ 78. Kc2 $18) 77. Kb2 Qf2+ 78. Kb1 Qf1+ 79. Kc2 {[%emt 0:00:08][%csl Gc3][%cal Re5h8] Some like it hot} Qf2+ 80. Kd3 Qf3+ 81. Qe3 (81. Kc2 $5 Qf2+ $8 $14) 81... Qf5+ 82. Qe4 Qxb5+ 83. Kc2 Qf5 {[%emt 0:00:07] Black escapes into a draw.   Weighted Error Value: White=0.36/Black=0.41} 1/2-1/2

[Event "13th London Chess Classic 2023"]
[Site "London"]
[Date "2023.12.07"]
[Round "6.4"]
[White "Gukesh D"]
[Black "McShane, Luke J"]
[Result "1-0"]
[ECO "D35"]
[WhiteElo "2746"]
[BlackElo "2626"]
[Annotator "TA"]
[PlyCount "81"]
[EventDate "2023.11.27"]
[EventType "tourn"]
[EventCountry "ENG"]
[SourceTitle "playchess.com"]
[Source "ChessBase"]
[SourceQuality "1"]
[TimeControl "40/5400+30:1800+30"]

1. d4 Nf6 2. c4 e6 3. Nf3 d5 4. Nc3 Be7 5. cxd5 exd5 6. Bf4 c6 7. e3 Bf5 8. Nh4 $1 {[%emt 0:00:08][%mdl 4] is currently scoring better than 8.Bd3. D35: Queen's Gambit Declined: Exchange Variation.} Bg4 9. Qc2 Nbd7 10. h3 {[%emt 0:09:51] The position is equal.} Be6 11. Nf3 Rc8 12. Be2 {[%emt 0:12:52] [#]} g6 $146 ({Predecessor:} 12... Qa5 13. O-O h6 14. a3 O-O 15. b4 Qd8 16. Rfc1 Nb6 17. Qb3 Ne4 18. Bd3 g5 19. Bh2 Bd6 20. Bxd6 Nxd6 {0-1 Lange,L (1725)-Juergens,N (1974) Bad Sooden-Allendorf Seniors op 14th 2002 (2)}) 13. Bd3 O-O 14. O-O Nh5 15. Bh6 Ng7 16. Ne2 Re8 17. g4 c5 18. dxc5 Nxc5 19. Nf4 Bf6 20. Bb5 Rf8 21. Rab1 Qb6 22. Qe2 Rfd8 23. Nd4 Ne8 24. Rfd1 Nd6 25. Bd3 Nde4 26. Bc2 a5 27. Kg2 (27. f3 $5 Nd6 $8 28. Kg2 $11) 27... Qc7 28. Ndxe6 fxe6 (28... Nxe6 29. Bxe4 dxe4 30. Nxe6 fxe6 31. Rbc1 $14) 29. Bxe4 dxe4 30. Rbc1 Rxd1 (30... Kf7 $5 ) 31. Qxd1 Qc6 (31... Bxb2 $2 32. Nxe6 Qe7 33. Rxc5 Rxc5 34. Nxc5 $18) (31... Qe7 $142) 32. b3 {[%emt 0:01:21] [#] Hoping for g5.} (32. g5 $5 Bxb2 33. Rc2 $14) 32... Rd8 33. Qe2 {[%emt 0:02:06] aiming for g5.} b6 34. a3 {[%emt 0:00:22] Threatens to win with b4.} Qd7 35. Qc4 Nd3 36. Rd1 (36. Qxe6+ $2 Qxe6 37. Nxe6 Nxc1 $19) 36... Nxf4+ (36... Kf7 $11 37. Kg1 (37. Qxe4 $2 {is the wrong capture.} Nxf4+ 38. Qxf4 Qc6+ 39. e4 Rxd1 $19) 37... Qe7) 37. exf4 $18 Qe8 (37... b5 $142 38. Qxe4 (38. Rxd7 bxc4 39. Rxd8+ Bxd8 $16) 38... Qc8 39. Rxd8+ Bxd8) 38. Rxd8 {[%emt 0:00:07][%mdl 64] [#] Deflection} Bxd8 (38... Qxd8 39. Qxe6+ Kh8) 39. Qd4 {[%emt 0:00:35][%csl Gh6][%cal Rd4g7] White is clearly winning.} (39. Qxe4 Qd7 40. Qe5 Qd5+ 41. Kg3 Qxe5 42. fxe5 b5 $16) 39... e5 40. Qd5+ ({Less strong is} 40. Qxe5 Qxe5 41. fxe5 Kf7 $16) 40... Kh8 41. fxe5 {[%emt 0:01:23] Weighted Error Value: White=0.06 (flawless) /Black=0.32} 1-0

[Event "13th London Chess Classic 2023"]
[Site "London"]
[Date "2023.12.07"]
[Round "6.5"]
[White "Moussard, Jules"]
[Black "Adams, Michael"]
[Result "0-1"]
[ECO "C88"]
[WhiteElo "2639"]
[BlackElo "2670"]
[Annotator "TA"]
[PlyCount "64"]
[EventDate "2023.11.27"]
[EventType "tourn"]
[EventCountry "ENG"]
[SourceTitle "playchess.com"]
[Source "ChessBase"]
[SourceQuality "1"]
[TimeControl "40/5400+30:1800+30"]

1. e4 e5 2. Nf3 Nc6 3. Bb5 a6 4. Ba4 Nf6 5. O-O Be7 6. Re1 b5 7. Bb3 O-O 8. h3 Bb7 9. d3 d5 {[%emt 0:02:23] C88: Closed Ruy Lopez: Anti-Marshall Systems.} 10. exd5 Nxd5 11. Nbd2 Nd4 {[%emt 0:06:46] The position is equal.} 12. Nxd4 exd4 13. Qf3 {[%emt 0:00:41][%cal Oe1e7] [#] And now Rxe7! would win.} Rb8 $146 ({Predecessor:} 13... c5 14. Rxe7 Qxe7 15. Bxd5 Bxd5 16. Qxd5 Qe1+ 17. Nf1 Rae8 18. Bh6 Qe6 19. Qxe6 Rxe6 {0-1 Maksimovic,B (2476)-Svane,R (2631) Titled Tuesday intern op 22nd Aug Early blitz 2023 (5)}) 14. Ne4 c5 15. a4 Nf6 {[%emt 0:07:58][%cal Oc5c4] White must now prevent ...c4!} 16. axb5 axb5 (16... Nxe4 {looks sharper.} 17. bxa6 Nd2 18. Qe2 Nxb3 19. cxb3 Bd6) 17. Bf4 Nxe4 18. Bxb8 ({But not} 18. dxe4 Bd6 19. Bxd6 Qxd6 $11) 18... Qxb8 19. Rxe4 Bf6 {[%emt 0:03:43] [#]} 20. g3 h6 {[%emt 0:07:36] [#]} (20... Qc7 $11) 21. Qf5 $1 $16 {[%emt 0:08:07] Threatens to win with Bd5.} Bxe4 22. Qxe4 Rc8 {[%emt 0:05:44] Black is weak on the light squares} 23. Ra6 Qc7 24. Bd5 Qd7 {[%emt 0:02:56] Prevents Qf5.} 25. Rb6 {[%emt 0:04:52] Rb7 is the strong threat.} Rd8 26. Bc6 Qxh3 27. Bxb5 Qh5 28. Bc4 Rf8 (28... Qd1+ $2 29. Kg2 Qh5 30. Rd6 $18) 29. Kg2 Qg5 (29... Qe5 $16 30. Qxe5 Bxe5) 30. Rb7 {[%emt 0:06:20][%cal Ob7f7] Rxf7! would kill now.} h5 $2 (30... Qe5 31. f4 Qxe4+ 32. dxe4 Bd8) 31. Bxf7+ $18 ({Not} 31. Rxf7 Rxf7 32. Qe8+ Kh7 33. Bxf7 (33. f4 Rf8 $16) 33... g6 $16) 31... Rxf7 $2 (31... Kh8 32. Rd7 Qg4) 32. Qe6 $4 (32. f4 $18 {is the narrow road to win.} Qg4 33. Rb8+ Rf8 34. Qd5+ Kh7 35. Rxf8 Qe2+ 36. Kh3) 32... Be7 {[%emt 0:00:55] Black used his chance.   Weighted Error Value: White=0.27 (precise) /Black=0.45} 0-1

[Event "13th London Chess Classic 2023"]
[Site "London"]
[Date "2023.12.08"]
[Round "7.1"]
[White "Adams, Michael"]
[Black "Volokitin, Andrei"]
[Result "1/2-1/2"]
[ECO "B51"]
[WhiteElo "2670"]
[BlackElo "2660"]
[Annotator "TA"]
[PlyCount "56"]
[EventDate "2023.11.27"]
[EventType "tourn"]
[EventCountry "ENG"]
[SourceTitle "playchess.com"]
[Source "ChessBase"]
[SourceQuality "1"]
[TimeControl "40/5400+30:1800+30"]

1. e4 c5 2. Nf3 d6 3. Bb5+ Nd7 4. O-O a6 5. Be2 Ngf6 6. d3 {[%emt 0:00:06] B51: Sicilian: Moscow Variation (3 Bb5+) without 3...Bd7.} b5 7. a4 {[%emt 0:00:28] next axb5 is good for White.} Bb7 8. axb5 {[%emt 0:02:40] White has an edge.} axb5 9. Rxa8 Qxa8 {[%emt 0:00:34] [#]} 10. d4 $146 ({Predecessor:} 10. b4 e6 11. Nc3 cxb4 12. Nxb5 Qb8 13. Bb2 Be7 14. Qd2 d5 15. e5 Ng4 16. Qf4 {1-0 Jahn,C (2048)-Strutinskaya,G (2214) WchT Seniors 50 2020 (3.15)}) 10... Bxe4 11. dxc5 dxc5 12. Bxb5 {[%emt 0:17:17] [#] Threatens to win with Ne5.} Bc6 13. Qd3 e6 14. Bg5 Be7 15. Bxf6 gxf6 16. Rd1 Nb6 17. Nc3 O-O {[%emt 0:00:56] The position is equal.} 18. Bxc6 Qxc6 19. Qe3 Kh8 20. g3 Nc4 21. Qf4 Nxb2 22. Rb1 Nc4 {[%emt 0:00:10][%cal Of6f5][%mdl 64] [#] Deflection} 23. Ne4 $1 Kg7 24. Qg4+ Kh8 25. Qf4 Kg7 26. Qg4+ Kh8 {[%emt 0:00:02] Strongly threatening ...f5.} 27. Qf4 Kg7 28. Qg4+ Kh8 {[%emt 0:00:04] Weighted Error Value: White=0.03 (flawless) /Black=0.01 (flawless)} 1/2-1/2

[Event "13th London Chess Classic 2023"]
[Site "London"]
[Date "2023.12.08"]
[Round "7.2"]
[White "McShane, Luke J"]
[Black "Moussard, Jules"]
[Result "1/2-1/2"]
[ECO "B55"]
[WhiteElo "2626"]
[BlackElo "2639"]
[Annotator "TA"]
[PlyCount "72"]
[EventDate "2023.11.27"]
[EventType "tourn"]
[EventCountry "ENG"]
[SourceTitle "playchess.com"]
[Source "ChessBase"]
[SourceQuality "1"]
[TimeControl "40/5400+30:1800+30"]

1. e4 c5 2. Nf3 d6 3. d4 cxd4 4. Nxd4 Nf6 5. f3 e5 6. Nb3 d5 7. Bg5 {[%emt 0:00:09] B55: Sicilian: 2...d6 3 d4 cxd4 4 Nxd4 Nf6 5 f3.} d4 8. c3 Nc6 9. Bb5 {[%emt 0:00:43] 9.cxd4 is more fashionable.} Qb6 10. Qd3 Nd7 11. N1d2 {[%emt 0:08:47] [#]} dxc3 $146 ({Predecessor:} 11... h6 12. Bh4 dxc3 13. bxc3 Be7 14. Bxe7 Kxe7 15. a4 Nc5 16. Nxc5 Qxc5 17. Nb3 Qb6 18. a5 Nxa5 19. Nxa5 Rd8 20. Qe2 Be6 21. Bc4 Rac8 22. Bxe6 Kxe6 23. Nxb7 {½-½ Helbich,J (2516)-Raijmaekers,R (2496) NED-SVK email 2017 [2]}) 12. Nc4 Nb4 13. Qe2 {[%emt 0:00:36] Chess con chili.} Qg6 (13... Qxb5 14. Nd6+ (14. bxc3 $2 Nc2+ {[%mdl 64] Double Attack} 15. Kd2 Na3 $19) 14... Bxd6 15. Qxb5 Nc2+ 16. Kf2 Nxa1 17. Rxa1 $16 (17. Nxa1 cxb2 18. Nc2 O-O $16)) (13... Nc2+ $1 $11 14. Kf1 (14. Qxc2 Qxb5 15. Qd3 Qc6 $11) 14... Qxb5 15. Nd6+ Bxd6 16. Qxb5 Nxa1 17. Nxa1 h6) 14. Be3 $14 (14. Nxe5 $2 Qxg5 15. Nxd7 Bxd7 $19) 14... cxb2 15. Rd1 (15. Nxb2 a6 16. Bxd7+ Bxd7 $15) 15... Nc6 16. Qxb2 Bb4+ 17. Kf2 (17. Nbd2 $5 Be7 18. O-O $11 (18. Nxe5 $2 {is the wrong capture.} Qxg2 19. Rf1 Bh4+ 20. Bf2 Bf6 $19)) 17... O-O $1 18. Rc1 Qe6 (18... f5 {should be considered.} 19. exf5 Rxf5) 19. Rhd1 $11 Be7 20. Nca5 Nxa5 21. Nxa5 Nb6 22. Nc4 Rd8 (22... Nd7 $11) 23. Nxb6 ({Much worse is} 23. Qxe5 Rxd1 24. Rxd1 Nxc4 $17) (23. Nxe5 {seems wilder.} Qf6 24. a4 Be6 25. a5) 23... axb6 24. Bc4 Qf6 25. Qxb6 Qxb6 26. Bxb6 Rxd1 27. Rxd1 Ra4 {[%emt 0:02:32] [#]} (27... Be6 $11 28. Bxe6 fxe6) 28. Rc1 (28. Bb3 $1 $16 Rb4 29. Rc1) 28... Rb4 (28... Be6 $11 {remains equal.} 29. Bb3 Ra6) 29. Bb3 $16 Be6 30. Ba5 ({Better is} 30. Bc5 $16 Bxc5+ 31. Rxc5) 30... Rb5 $11 {[%emt 0:00:41] The position is equal.} 31. Bxe6 {[%emt 0:00:28] aiming for Rc8+.} Bc5+ $1 32. Ke2 {[%emt 0:00:08] [#] And now Bd2 would win.} ({Wrong is} 32. Rxc5 $2 Rxc5 33. Bb6 Rc6 $19) 32... Rxa5 33. Bb3 Kf8 34. Rd1 Ke7 {[%emt 0:00:14] Repels Rd7+} 35. Rd5 Bb6 36. Rxa5 Bxa5 {[%emt 0:00:04] Weighted Error Value: White=0.09 (flawless) /Black=0.10 (very precise)} 1/2-1/2

[Event "13th London Chess Classic 2023"]
[Site "London"]
[Date "2023.12.08"]
[Round "7.3"]
[White "Royal, Shreyas"]
[Black "Gukesh D"]
[Result "1/2-1/2"]
[ECO "E53"]
[WhiteElo "2404"]
[BlackElo "2746"]
[Annotator "TA"]
[PlyCount "122"]
[EventDate "2023.11.27"]
[EventType "tourn"]
[EventCountry "ENG"]
[SourceTitle "playchess.com"]
[Source "ChessBase"]
[SourceQuality "1"]
[TimeControl "40/5400+30:1800+30"]

1. d4 Nf6 2. c4 e6 3. Nc3 Bb4 4. e3 O-O 5. Bd3 d5 6. a3 Bxc3+ 7. bxc3 dxc4 8. Bxc4 c5 9. Nf3 Qc7 10. Be2 b6 11. O-O {[%emt 0:00:35] 11.Bb2 gains popularity.} Bb7 12. Bb2 Nbd7 13. c4 {[%emt 0:01:26] E53: Nimzo-Indian: Rubinstein: Main Line (4...0-0 5 Nf3 d5 6 Bd3 c5 7 0-0).} Rfd8 14. Rc1 Ng4 15. h3 Ngf6 16. Re1 {[%emt 0:06:19] [#]} Rac8 $146 ({Predecessor:} 16... Ne4 17. Bd3 Ndf6 18. Ne5 Rac8 19. Ng4 Nxg4 20. Qxg4 f5 21. Qh4 Qf7 22. f3 Nf6 {1-0 Noboa Silva,K (2329)-Quishpe Vaca,A (1970) ECU-ch Banos de Agua Santa 2020 (6)}) 17. Bf1 Nf8 18. g3 Ng6 19. Bg2 Be4 20. Qe2 Qb7 21. Red1 Rd7 22. h4 cxd4 23. exd4 Rdc7 {[%emt 0:00:53][%cal Ob6b5] [#]} 24. d5 $1 exd5 25. Bh3 {[%emt 0:01:57] A strong pair of Bishops.} Re8 {[%emt 0:08:01][%cal Oe4f5] [#]} 26. Bxf6 $1 gxf6 {[%emt 0:00:06] [#]} 27. h5 $1 Ne5 28. Nxe5 Rxe5 (28... fxe5 $2 29. f3) 29. f4 {[%emt 0:04:41] Prevents h6} (29. h6 $16 {Black must now prevent Qg4+.} Bf5 30. Qf3) 29... Re8 $1 $36 {[%emt 0:00:08][%mdl 2048] Black fights for an advantage.} 30. h6 Qc6 (30... Kf8 $11) 31. Qg4+ $16 Bg6 {[%emt 0:00:07] ...f5 is the strong threat.} 32. f5 $1 {[%emt 0:01:53][%mdl 64] Pin} dxc4 33. fxg6 (33. Kh2 $14) 33... hxg6 $11 {[%emt 0:00:01] The position is equal.} 34. Qd4 Re5 35. Rc3 Kh7 36. Bg2 Qc5 37. Qxc5 Rexc5 ({But not} 37... Rcxc5 38. Rd7 $14) 38. Rd6 f5 39. a4 Kxh6 40. Kf2 Kg5 41. Bf1 f4 42. gxf4+ Kxf4 43. Rd4+ Ke5 44. Rdxc4 Rxc4 45. Rxc4 {[%emt 0:00:02][%mdl 4096] Endgame KRB-KR} Rc5 46. Ke3 f5 47. Rh4 g5 48. Rh8 f4+ 49. Kd2 g4 50. Rg8 g3 51. Bd3 Rc7 52. Rg5+ Kd6 53. Be2 Re7 54. Bf3 Re3 55. Rxg3 {[%emt 0:00:24][%mdl 64] Deflection} fxg3 56. Kxe3 {[%emt 0:00:06] KB-K3P} Kc5 57. Bd1 b5 58. axb5 Kxb5 (58... g2 $5 59. Kf2 $8 Kxb5 $11) 59. Kf3 a5 60. Kxg3 a4 61. Bxa4+ Kxa4 {[%emt 0:00:01] Weighted Error Value: White=0.08 (flawless) /Black=0.09 (flawless)} 1/2-1/2

[Event "13th London Chess Classic 2023"]
[Site "London"]
[Date "2023.12.08"]
[Round "7.4"]
[White "Tabatabaei, M. Amin"]
[Black "Vitiugov, Nikita"]
[Result "1-0"]
[ECO "B93"]
[WhiteElo "2694"]
[BlackElo "2712"]
[Annotator "TA"]
[PlyCount "119"]
[EventDate "2023.11.27"]
[EventType "tourn"]
[EventCountry "ENG"]
[SourceTitle "playchess.com"]
[Source "ChessBase"]
[SourceQuality "1"]
[TimeControl "40/5400+30:1800+30"]

1. e4 c5 2. Nf3 d6 3. d4 cxd4 4. Nxd4 Nf6 5. Nc3 a6 6. f4 e5 7. Nf3 Nbd7 8. a4 Qc7 {[%emt 0:01:08] Inhibits Bc4. is recently more successful than 8...Be7. B93: Sicilian Najdorf: 6 f4.} 9. g4 $5 {[%emt 0:00:07][%mdl 4] [#] Exploring less charted territory.} d5 $146 {[%emt 0:00:47] Hoping for ...Bb4.} ({Predecessor:} 9... exf4 10. g5 Nh5 11. Nd5 Qd8 12. Nxf4 Nxf4 13. Bxf4 Nc5 14. Bc4 Be7 15. e5 Be6 16. exd6 Bxc4 {0-1 L'Ami,E (2627)-Yilmaz,M (2609) Tata Steel-B 85th 2023 (3)}) 10. g5 d4 {[%emt 0:00:06] The position is equal.} (10... Nxe4 11. Nxd5 Qa5+ 12. c3 $16) (10... dxe4 {looks sharper.} 11. gxf6 exf3 12. fxg7 f2+) 11. gxf6 dxc3 12. fxg7 Bxg7 13. f5 cxb2 14. Bxb2 Qb6 {[%emt 0:03:22] Repels Rg1} (14... Bf6 $5) 15. Ba3 (15. Rb1 {simplifies} Qa5+ 16. Nd2 Bh6 17. c3) 15... Qe3+ 16. Be2 Qxe4 17. Rg1 Bf8 18. Qd2 Nc5 $2 {[%emt 0:09:23][%mdl 8192] Black is on the road to losing.} (18... Nf6 $11) 19. Ng5 $1 $18 Qh4+ (19... Qxa4 $2 20. Qd5 Bxf5 21. Qxf7+ (21. Bxc5 $2 Qxa1+ 22. Kf2 Bxc5+ 23. Qxc5 Qd4+ 24. Qxd4 exd4 $19) 21... Kd8 22. Qxf5 $18) 20. Rg3 $1 h6 $2 {[%emt 0:13:44] [#]} (20... Bd7 21. Qd5 O-O-O 22. Nxf7 (22. Bxc5 Bc6 $16) 22... Qe4) 21. Nxf7 $1 {[%emt 0:25:38][%mdl 576] Double Attack} Ne4 22. Qd5 Nxg3 23. Qxe5+ Kxf7 24. hxg3 Qh1+ (24... Qxa4 25. Bh5+ (25. Qxh8 Bxa3 26. Qh7+ Ke8 $14) 25... Kg8 26. Qd5+ Kh7 27. Bg6+ Kg7 28. Qf7#) 25. Kf2 $1 Qc6 {[%emt 0:01:35][%cal Of8a3] Strongly threatening ...Bxa3!} 26. Bh5+ $2 (26. Qxh8 Bc5+ 27. Bxc5 {[%mdl 64] Overworked Piece} Qxc5+ 28. Kg2 Bxf5 29. Bh5+ (29. Qxa8 Be4+ 30. Kf1 Qf5+ 31. Ke1 Qa5+ 32. Kd1 Qd5+ 33. Ke1 Qa5+ 34. Kd1 Qd5+ 35. Bd3 Bxd3 $14) 29... Ke6 30. Qxh6+ (30. Qxa8 Qxc2+ 31. Kf3 Qc3+ 32. Kg2 Be4+ 33. Kh3 Bf5+ 34. Kg2 Be4+ 35. Kh3 Bf5+ 36. Kg2 $11) 30... Kd7 31. Qg7+ Kc8 32. Bf3) 26... Kg8 27. Bxf8 Rh7 {[%emt 0:03:53] Prevents Qg7+. And now ...Bxf5 would win. Black is weak on the dark squares} 28. Bg6 {[%emt 0:01:13] A strong pair of Bishops.} Rc7 29. Bxh6 $40 {[%emt 0:07:55][%mdl 128] f6 is the strong threat. Black is in trouble. White has more active pieces.} Qc5+ $2 (29... Qxc2+ {might work better.} 30. Ke1 (30. Kf1 Qc6 $16) 30... Qc3+ 31. Qxc3 Rxc3) 30. Qxc5 Rxc5 31. g4 Rxc2+ $2 (31... Rc6 32. Re1 Rxg6 33. fxg6 Bxg4) 32. Kg3 $1 Bd7 33. Re1 $1 {[%emt 0:00:42] Threatens to win with Re7.} Rc6 34. Re7 Be8 35. Bh7+ $1 (35. Rxe8+ Rxe8 36. Bxe8 Rxh6 $11) (35. Bxe8 Rxh6 36. Bg6 Rb8 $14) 35... Kh8 36. Bf4 {[%emt 0:02:24] Intending Be5+ and mate. White is clearly winning.} Rc5 37. f6 (37. Rxb7 Bxa4 38. f6 Rf8 $18) 37... Bxa4 38. Bg6 {[%emt 0:03:05] Dodges Re8. White wants to mate with Rh7+.} (38. Rxb7 Bc6 39. Rc7 Bb5 $18) 38... Rf8 39. g5 (39. Rxb7 Rxf6 40. Bf5 Bb5 $11) (39. Bh6 $142 {Threatening mate with Rh7+.} Bc2 40. Bxc2 Rcc8 41. Bg6 Kg8 42. Rg7+ Kh8 43. Rh7+ {[%mdl 64] Discovered Attack} Kg8 44. Bg7) 39... Rc3+ 40. Kf2 Bc2 41. Bxc2 Rxc2+ {[%emt 0:01:13][%mdl 4096] Endgame KRR-KRB} 42. Kg3 Rc5 43. Rxb7 Rb5 44. Ra7 Kg8 45. Rg7+ ({Weaker is} 45. Rxa6 Kf7 $11) 45... Kh8 46. Kg4 a5 47. Bd6 Rd8 48. Be7 Rc8 49. Kh5 Rg8 50. Rg6 Rxg6 51. Kxg6 {[%emt 0:00:09] KR-KB} Rb6 52. Kh6 a4 53. g6 Rb1 54. f7 Rh1+ 55. Kg5 Rg1+ 56. Kh5 Rh1+ {[%emt 0:00:13] [#]} 57. Kg4 $1 Rg1+ 58. Kh3 Rf1 {[%emt 0:00:15] [#]} 59. Bf8 $1 {[%emt 0:00:04] White threatens g7+ and mate.} ({Stronger than} 59. f8=R+ Rxf8 60. Bxf8 Kg8 $11) ({Worse is} 59. f8=B Kg8 60. g7 a3 61. Bxa3 Rf3+ 62. Kh4 Rxa3 $11) 59... Rg1 60. Bc5 {[%emt 0:00:41] Artfully played by Tabatabaei.   Weighted Error Value: White=0.25 (precise) /Black=0.63} 1-0